 Dungeon Crawl Stone Soup version 0.32-a0-732-ga344392067 (webtiles) character file.

Game seed: 5847587218547415395

284166 hecktor the Impregnable (level 21, -5/129 HPs)
             Began as a Formicid Hunter on Mar 16, 2024.
             Was the Champion of Cheibriados.
             Splashed by an acid blob's acid (11 damage)
             ... on level 2 of the Pits of Slime.
             The game lasted 01:26:53 (34271 turns).

hecktor the Impregnable (Formicid Hunter)          Turns: 34271, Time: 01:26:54

Health: -5/129     AC:  9    Str: 32    XL:     21   Next: 45%
Magic:  30/30      EV: 36    Int: 26    God:    Cheibriados [******]
Gold:   3307       SH:  0    Dex: 38    Spells: 20/20 levels left

rFire   + . .        X - +7 longbow (flame)
rCold   . . .        g - +0 kite shield {rF+}
rNeg    . . .        O - +7 swamp dragon scales
rPois   +            (helmet unavailable)
rElec   .            d - +1 cloak of Starlight {*Dazzle EV+4 Stlth--}
rCorr   .            v - +0 pair of gloves
SInv    +            w - +2 pair of boots
Will    ++...        r - amulet of reflection Stlth
                     A - +4 ring of slaying
HPRegen 0.41/turn    G - +4 ring of slaying
MPRegen 0.22/turn

%: reflection
@: confused, ambrosia-drunk, corroded, invisible, very slow
A: permanent stasis, dig shafts and tunnels, antennae 3, four strong arms,
clumsy 1
}: 2/15 runes: serpentine, barnacled
a: Dig, Shaft Self, Renounce Religion, Bend Time, Temporal Distortion, Slouch,
Step From Time


You were on level 2 of the Pits of Slime.
You worshipped Cheibriados.
Cheibriados was exalted by your worship.
You visited 7 branches of the dungeon, and saw 33 of its levels.
You also visited: Ossuary, Bailey and Gauntlet.

You collected 4565 gold pieces.
You spent 1258 gold pieces at shops.

Inventory:

Hand Weapons
 X - a +7 longbow of flaming (weapon)
Missiles
 q - 10 atropa-tipped darts
 z - 15 poisoned darts
 Q - 11 throwing nets
 V - 5 curare-tipped darts
Armour
 d - the +1 cloak of Starlight (worn) {*Dazzle EV+4 Stlth--}
   (You acquired it in a Gauntlet)

   *Dazzle:   It may blind those who miss an attack against the wearer in melee
   combat.
   EV+4:      It affects your evasion (+4).
   Stlth--:   It makes you much less stealthy.
 g - a +0 kite shield of fire resistance (worn)
 t - the +0 cloak "Xoif" {rC+ Str+2 Dex-4}
   (You found it in a Gauntlet)

   Str+2:     It affects your strength (+2).
   Dex-4:     It affects your dexterity (-4).
   rC+:       It protects you from cold.
 v - a +0 pair of gloves (worn)
 w - a +2 pair of boots (worn)
 O - +7 swamp dragon scales (worn)
Jewellery
 r - an amulet of reflection (around neck)
 A - a +4 ring of slaying (left hand)
 B - the ring of Eternal Harmony {Wiz rElec rF++ Str+2 Stlth-}
   (You found it on level 15 of the Dungeon)

   [ring of wizardry]

   Wiz:       It improves your spell success rate.
   Str+2:     It affects your strength (+2).
   rF++:      It greatly protects you from fire.
   rElec:     It insulates you from electricity.
   Stlth-:    It makes you less stealthy.
 G - a +4 ring of slaying (right hand)
 R - the ring "Ongagreunt" {Fly rF+ Str+2}
   (You found it on level 15 of the Dungeon)

   [ring of flight]

   Str+2:     It affects your strength (+2).
   rF+:       It protects you from fire.
   Fly:       It grants you flight.
Wands
 a - a wand of polymorph (26)
 m - a wand of iceblast (24)
 y - a wand of digging (9)
 H - a wand of flame (130)
 J - a wand of charming (15)
 S - a wand of mindburst (13)
 W - a wand of light (16)
Scrolls
 f - 4 scrolls of revelation
 k - 2 scrolls of immolation
 n - a scroll of vulnerability
 x - 3 scrolls of torment
 E - 6 scrolls of fear
 I - a scroll of brand weapon {unknown}
 K - 6 scrolls of amnesia
 N - 5 scrolls of fog
 U - 4 scrolls of summoning
Potions
 c - 11 potions of curing
 e - 4 potions of mutation
 i - 3 potions of lignification
 j - a potion of resistance
 l - 5 potions of ambrosia
 o - 3 potions of magic
 p - 4 potions of might
 u - 4 potions of cancellation
 C - 6 potions of brilliance
 F - 3 potions of invisibility
Miscellaneous
 b - a tin of tremorstones (2/2)
 h - a phantom mirror
 M - a box of beasts
 T - a lightning rod (4/4)


   Skills:
 - Level 2.1 Fighting
 - Level 20.0 Ranged Weapons
 + Level 21.0 Armour
 + Level 15.9 Dodging
 - Level 9.1 Stealth
 - Level 14.0 Shields
 - Level 12.0 Invocations
 - Level 10.0 Evocations


You had 20 spell levels left.
You didn't know any spells.
Your spell library contained the following spells:

 Spells                   Type           Power      Damage    Failure   Level
 Magic Dart               Conj           0%         1d3       22%         1
 Shock                    Conj/Air       0%         1d3       22%         1
 Sting                    Conj/Alch      0%         1d3       22%         1
 Summon Small Mammal      Summ           0%         N/A       22%         1
 Cigotuvi's Dreadful Rot  Necr/Alch/Air  0%         N/A       32%         2
 Ensorcelled Hibernation  Hex/Ice        0%         N/A       32%         2
 Lesser Beckoning         Tloc           0%         N/A       32%         2
 Momentum Strike          Conj/Tloc      0%         3d8       32%         2
 Searing Ray              Conj           0%         2d4       32%         2
 Static Discharge         Conj/Air       0%         3-3/arc   32%         2
 Sublimation of Blood     Necr           0%         N/A       32%         2
 Call Canine Familiar     Summ           0%         N/A       54%         3
 Dazzling Flash           Conj/Hex       0%         N/A       54%         3
 Fugue of the Fallen      Necr           0%         N/A       54%         3
 Inner Flame              Hex/Fire       0%         N/A       54%         3
 Sigil of Binding         Hex            0%         N/A       54%         3
 Stone Arrow              Conj/Erth      0%         3d7       54%         3
 Airstrike                Air            0%         2d(0-16)  91%         4
 Anguish                  Hex/Necr       0%         N/A       91%         4
 Cause Fear               Hex            0%         N/A       91%         4
 Dimensional Bullseye     Hex/Tloc       0%         N/A       91%         4
 Flame Wave               Conj/Fire      0%         2d4       91%         4
 Fulminant Prism          Conj/Alch      0%         3d5       91%         4
 Leda's Liquefaction      Alch/Erth      0%         N/A       91%         4
 Petrify                  Alch/Erth      0%         N/A       91%         4
 Sticky Flame             Fire/Alch      0%         2d4       91%         4
 Summon Lightning Spire   Summ/Air       0%         N/A       91%         4
 Alistair's Intoxication  Alch           0%         N/A       99%         5
 Borgnjor's Vile Clutch   Necr/Erth      0%         N/A       99%         5
 Fireball                 Conj/Fire      0%         3d3       99%         5
 Irradiate                Conj/Alch      0%         3d11      99%         5
 Lee's Rapid Deconstruct  Erth           0%         3d4*      99%         5
 Yara's Violent Unravell  Hex/Alch       0%         3d3       99%         5
 Eringya's Noxious Bog    Alch           0%         4d6       100%        6
 Permafrost Eruption      Ice/Erth       0%         2x4d2     100%        6
 Starburst                Conj/Fire      0%         6d3       100%        6
 Spellforged Servitor     Conj/Summ      0%         N/A       100%        7
 Maxwell's Capacitive Co  Air            0%         ∞         100%        8
 Summon Horrible Things   Summ           0%         N/A       100%        8
 Dragon's Call            Summ           0%         N/A       100%        9
 Blink                    Tloc           Unusable   N/A       N/A         2
 Swiftness                Air            Unusable   N/A       N/A         3

Dungeon Overview and Level Annotations

Branches:
Dungeon (15/15)            Temple (1/1) D:5            Lair (5/5) D:11
 Shoals (4/4) Lair:2        Snake (4/4) Lair:3        Slime (2/5) Lair:5
    Orc (2/2) D:9             Elf (0/3) Orc:2        Vaults (0/5) D:14
 Depths (0/4) D:15        Ossuary (visited)          Bailey (visited)
Gauntlet (visited)

Altars:
Ashenzari
Cheibriados
Dithmenos
Elyvilon
Fedhas
Gozag
Hepliaklqana
Kikubaaqudgha
Makhleb
Nemelex Xobeh
Okawaru
Qazlal
Ru
Sif Muna
Trog
Uskayaw
Vehumet
Wu Jian
Xom
Yredelemnul
Zin
The Shining One
Jiyva
Lugonu

Shops:
D:7 (   D:15 **!   Orc:2 =*[*   Shoals:1 [

Portals:
Abyss: Lair:5
Pandemonium: Orc:2

Annotations:
D:15 2 transporters


Innate Abilities, Weirdness & Mutations

You cannot be hasted, slowed, berserked, paralysed or teleported.
You can dig through walls and to a lower floor.
You have a pair of large antennae on your head. (SInv)
Your four strong arms can wield two-handed weapons with a shield.
You are clumsy. (Dex -2)


Message History

Press: ? - help, Dir - look around, f - activate Look: an acid blob (moderately wounded)
You throw a throwing net. The throwing net hits the acid blob.
The acid blob effortlessly oozes through the net!
The acid blob is moderately wounded.
The golden eye blinks at you. You resist with some effort.
The golden eye blinks!
The acid blob spits acid at you. The splash of acid hits you!!
* * * LOW HITPOINT WARNING * * *
The acid corrodes you!
You clumsily bash the acid blob but do no damage.
Your hands burn!
* * * LOW HITPOINT WARNING * * *
The acid blob is moderately wounded.
The golden eye blinks at you. You resist with almost no effort.
The acid blob hits you!!
* * * LOW HITPOINT WARNING * * *
You are splashed with acid.
* * * LOW HITPOINT WARNING * * *
The golden eye blinks at you. You resist with almost no effort.
The acid blob spits acid at you. The splash of acid hits you.
* * * LOW HITPOINT WARNING * * *
Okay, then.
Okay, then.
You are more confused.
You feel invigorated. The golden eye blinks at you.
You resist with some effort. The acid blob closely misses you.
Acid dripping from the walls corrodes you.
The golden eye blinks at you. You resist with some effort.
The golden eye blinks at you. You resist with almost no effort.
The acid blob hits you!
* * * LOW HITPOINT WARNING * * *
The acid corrodes you!
You are splashed with acid!
You die...
Cheibriados appreciates the motionlessness of death.

#.....#######
..##.....#.....##
..#.#...........##
.................##
...............<..#
#....#..........##
#............###
..#....JG....>..#
......(G@......... {
.........#.#.......
{
....................
...#..........##....
..#.........### #.
...#.#.##...#
..##### #.#. .# ..#.


You could see an acid blob and 2 golden eyes.

Vanquished Creatures
  Mara (Shoals:4)
  Jorgrun (Snake:3)
  A sphinx (Shoals:4)
  A kraken (Shoals:3)
  Gastronok (Lair:2)
  An azure jelly (Slime:1)
  3 rockslimes (Slime:1)
  Ilsuiw (Shoals:3)
  Aizul (Snake:4)
  6 nagarajas
  The ghost of Biggs the Eclecticist, a journeyman DjCj of Makhleb (Shoals:2)
  Louise (D:14)
  A stone giant (D:15)
  Nessos (D:14)
  The ghost of Jizeqel the Devastator, a journeyman OpCj of Gozag (Shoals:3)
  The ghost of ragingrage the Nimble, a journeyman GnGl of Gozag (Lair:4)
  Azrael (D:12)
  4 minotaurs
  3 merfolk javelineers
  A fire dragon (D:15)
  15 merfolk impalers
  A yaktaur captain (D:15)
  4 great orbs of eyes (D:15)
  8 vault guards
  7 hydras
  2 salamander tyrants (Snake:4)
  5 anacondas
  An ogre mage (D:15)
  5 merfolk avatars
  A catoblepas (D:14)
  12 centaur warriors
  A demonspawn (Orc:2)
  8 satyrs
  A merfolk aquamancer (Shoals:3)
  5 boulder beetles
  A death knight (D:15)
  10 two-headed ogres
  8 death yaks
  16 naga sharpshooters
  2 tengu warriors (D:15)
  13 naga warriors
  2 deep troll shamans (D:15)
  Urug (Lair:2)
  5 orc high priests
  9 shock serpents
  4 thrashing horrors
  4 skeletal warriors (D:15)
  Sonja (D:12)
  8 sea snakes
  5 skysharks
  3 salamander mystics (Snake:4)
  Lodul (D:11)
  A flayed ghost (D:15)
  9 naga ritualists
  A deep elf archer (D:15)
  9 mana vipers
  6 orc knights
  6 deep elf pyromancers
  Pikel (D:6)
  14 harpies
  2 shining eyes
  20 manticores
  14 ugly things
  A wolf spider (D:15)
  17 fauns
  9 orc sorcerers (Orc:2)
  9 cyclopes
  2 large abominations (Lair:5)
  11 salamanders
  A kobold blastminer (Orc:2)
  33 black mambas
  A guardian serpent (Snake:3)
  7 meliai (D:15)
  A moth of wrath (Shoals:3)
  12 merfolk sirens
  A smoke demon (Lair:5)
  An apocalypse crab (Shoals:3)
  18 naga magi
  Joseph (D:8)
  2 torpor snails
  6 water nymphs
  An eye of devastation (Slime:2)
  14 cane toads
  A gargoyle (D:12)
  Maggie (D:8)
  A freezing wraith (D:14)
  5 yaktaurs (D:15)
  An efreet (D:15)
  6 komodo dragons
  A kobold demonologist (D:11)
  2 rime drakes (Lair:5)
  A tengu conjurer (D:15)
  An ice devil (Orc:2)
  19 merfolk
  5 wind drakes
  A wind drake (shapeshifter) (Lair:5)
  Grinder (D:3)
  2 trolls
  A hornet (D:7)
  4 polar bears
  A raiju (shapeshifter) (D:14)
  A raiju (Lair:5)
  30 blink frogs
  6 snapping turtles
  Sigmund (D:5)
  13 dream sheep
  17 slime creatures
  3 centaur simulacra (Gauntlet)
  14 small abominations
  A wraith (D:11)
  55 yaks
  A vampire (D:11)
  7 water elementals
  7 wyverns
  2 ynoxinuls (Orc:2)
  5 basilisks
  5 fire elementals (D:12)
  6 humans (D:14)
  5 golden eyes
  A golden eye (shapeshifter) (D:15)
  A warg (D:9)
  3 vampire mosquitoes (D:12)
  5 chaos spawn
  An acid dragon (D:12)
  44 nagas
  Edmund (D:5)
  2 hell hounds (D:12)
  19 water moccasins
  An ice beast (D:5)
  28 orc warriors
  6 laughing skulls
  15 ogres
  9 boggarts (D:15)
  20 wolves
  12 centaurs
  A lemure (D:6)
  A phantom (D:4)
  An elf zombie (Ossuary)
  A kobold brigand (D:10)
  13 bullfrogs
  A weeping skull (Ossuary)
  3 scorpions
  9 gnoll sergeants (Bailey)
  A hornet simulacrum (Gauntlet)
  9 wights
  2 burial acolytes (Ossuary)
  8 killer bees
  An electric eel (Snake:2)
  4 howler monkeys
  A crimson imp (D:6)
  2 bombardier beetles
  2 centaur zombies (Ossuary)
  6 hounds
  2 jellies (D:7)
  27 orc priests
  5 gnoll boudas (Bailey)
  Jessica (D:2)
  4 iguanas
  A sleepcap (D:5)
  18 orc wizards
  7 hell rats (Lair:5)
  4 hound zombies (Ossuary)
  2 mummies (Ossuary)
  9 gnolls (Bailey)
  7 adders
  3 white imps
  4 ufetubi
  2 dart slugs
  93 orcs
  4 bats
  9 endoplasms
  3 giant cockroaches
  2 gnoll zombies (Ossuary)
  14 goblins
  6 hobgoblins
  12 jackals
  7 quokkas
  10 ball pythons
  11 kobolds
  7 orc zombies (Ossuary)
  3 rats (D:1)
  2 tentacles (Shoals:3)
1178 creatures vanquished.

Vanquished Creatures (others)
  A nagaraja (Snake:4)
  2 vault guards (D:14)
  A manticore (Shoals:4)
  A golden eye (Slime:2)
  An orc wizard (Orc:2)
  4 tentacles (Shoals:3)
10 creatures vanquished.

Grand Total: 1188 creatures vanquished

Notes
Turn   | Place    | Note
-------+----------+-------------------------------------------
     0 | D:1      | hecktor the Formicid Hunter began the quest for the Orb.
     0 | D:1      | Reached XP level 1. HP: 16/16 MP: 1/1
   341 | D:1      | Reached XP level 2. HP: 22/22 MP: 2/2
   463 | D:1      | Reached XP level 3. HP: 20/27 MP: 3/3
   520 | D:1      | Reached skill level 5 in Ranged Weapons
  1141 | D:3      | Reached XP level 4. HP: 33/33 MP: 4/4
  1273 | D:2      | HP: 1/32 [poisoned by an orc]
  1592 | D:2      | Found a faded altar of an unknown god.
  1778 | D:2      | Noticed Jessica
  1784 | D:2      | Killed Jessica
  1785 | D:2      | Reached XP level 5. HP: 38/38 MP: 5/5
  2117 | D:3      | Noticed Grinder
  2129 | D:3      | You fall into a shaft and drop 2 floors!
  2129 | D:5      | Entered Level 5 of the Dungeon
  2161 | D:5      | Found a staircase to the Ecumenical Temple.
  2165 | D:5      | Noticed Sigmund
  2168 | Temple   | Entered the Ecumenical Temple
  2250 | D:4      | Reached XP level 6. HP: 30/44 MP: 6/6
  2914 | D:3      | Found a snail-covered altar of Cheibriados.
  2914 | D:3      | Found a hazy altar of Hepliaklqana.
  2988 | D:3      | Became a worshipper of Cheibriados the Contemplative
  3013 | D:3      | Reached XP level 7. HP: 50/50 MP: 7/7
  3018 | D:3      | You fall into a shaft and drop 1 floor!
  3477 | D:3      | Killed Grinder
  3569 | D:3      | Found a radiant altar of Vehumet.
  3789 | D:5      | Reached XP level 8. HP: 49/56 MP: 8/8
  3911 | D:5      | Found a glowing silver altar of Zin.
  3931 | D:5      | Killed Sigmund
  3934 | D:5      | Reached * piety under Cheibriados
  3940 | D:5      | You fall into a shaft and drop 2 floors!
  4047 | D:7      | Found a sand-covered staircase.
  4052 | Ossuary  | Entered an ossuary
  4092 | Ossuary  | Reached skill level 10 in Ranged Weapons
  4828 | D:6      | Noticed Pikel
  4856 | D:6      | Killed Pikel
  4857 | D:6      | Reached XP level 9. HP: 21/61 MP: 9/9
  5323 | D:6      | Reached ** piety under Cheibriados
  5481 | D:6      | Found a shimmering altar of Xom.
  5481 | D:6      | Found a burning altar of Makhleb.
  5523 | D:6      | Noticed a komodo dragon
  5532 | D:6      | Killed a komodo dragon
  5924 | D:5      | Noticed Edmund
  5928 | D:5      | Killed Edmund
  5971 | D:5      | Reached XP level 10. HP: 67/67 MP: 10/10
  6793 | D:7      | Reached *** piety under Cheibriados
  7106 | D:7      | Found Kosuv's Weapon Emporium.
  7769 | D:8      | Noticed Maggie
  7781 | D:8      | Killed Maggie
  7891 | D:8      | Reached skill level 15 in Ranged Weapons
  7901 | D:8      | Reached **** piety under Cheibriados
  7919 | D:8      | Noticed Joseph
  7932 | D:8      | You fall into a shaft and drop 3 floors!
  8072 | D:11     | Reached skill level 1 in Armour
  8116 | D:11     | Noticed a kobold demonologist
  8118 | D:11     | Noticed Lodul
  8134 | D:11     | Noticed a sixfirhy
  8137 | D:10     | Entered Level 10 of the Dungeon
  8251 | D:10     | Noticed a deep elf pyromancer
  8370 | D:9      | Noticed a two-headed ogre
  8379 | D:9      | Killed a two-headed ogre
  8380 | D:9      | Reached skill level 2 in Armour
  8380 | D:9      | Reached skill level 1 in Shields
  8380 | D:9      | Reached XP level 11. HP: 72/72 MP: 11/11
  8610 | D:9      | Found a flagged portal.
  8629 | Bailey   | Entered a bailey
  8638 | Bailey   | Reached skill level 3 in Armour
  8764 | Bailey   | Reached ***** piety under Cheibriados
  8859 | Bailey   | Identified the +4 ring mail "Pirphool" {rPois Will- Str+2}
  8876 | Bailey   | Identified the +0 scale mail of Giax {Harm rCorr Int-4
                  | Dex+3}
  9299 | D:9      | Found a staircase to the Orcish Mines.
  9338 | D:9      | Reached skill level 4 in Armour
 10348 | D:8      | Killed Joseph
 10349 | D:8      | Reached skill level 5 in Armour
 10664 | D:10     | Killed a deep elf pyromancer
 10667 | D:10     | Reached skill level 5 in Dodging
 10842 | D:10     | Identified the +1 quarterstaff "Ifrulab" {elec, rN++ Will+}
 11032 | Orc:1    | Entered Level 1 of the Orcish Mines
 11032 | Orc:1    | Noticed an orc knight
 11042 | D:9      | Reached XP level 12. HP: 78/78 MP: 12/12
 11217 | D:11     | Reached skill level 6 in Armour
 11240 | D:11     | Noticed a two-headed ogre
 11242 | D:11     | Killed a two-headed ogre
 11259 | D:11     | Noticed a two-headed ogre
 11262 | D:11     | Killed a two-headed ogre
 11281 | D:11     | Found a staircase to the Lair.
 11472 | D:11     | Noticed a two-headed ogre
 11475 | D:11     | Killed a two-headed ogre
 11485 | D:11     | Reached ****** piety under Cheibriados
 11520 | D:11     | Reached skill level 7 in Armour
 11545 | D:11     | Killed Lodul
 11804 | D:12     | Noticed Sonja
 11806 | D:12     | Killed Sonja
 11830 | D:12     | Noticed a boulder beetle
 11835 | D:12     | Killed a boulder beetle
 11850 | D:12     | Noticed a boulder beetle
 11863 | D:12     | Killed a boulder beetle
 12027 | D:12     | Noticed Azrael
 12032 | D:12     | Reached skill level 8 in Armour
 12052 | D:12     | Killed Azrael
 12053 | D:12     | Reached XP level 13. HP: 29/83 MP: 13/13
 12264 | Lair:1   | Entered Level 1 of the Lair of Beasts
 13229 | Lair:2   | Reached skill level 9 in Armour
 13277 | Lair:2   | Noticed Gastronok
 13291 | Lair:2   | Killed Gastronok
 13369 | Lair:2   | Noticed Urug
 13376 | Lair:2   | Killed Urug
 13525 | Lair:2   | Found a staircase to the Shoals.
 13642 | Lair:2   | Reached skill level 1 in Invocations
 13997 | Lair:3   | Found a staircase to the Snake Pit.
 14316 | Lair:3   | Identified the +1 scale mail "Kuumi" {rF+ Will- Dex+3
                  | Stlth+}
 14428 | Lair:3   | Reached skill level 10 in Armour
 15711 | D:13     | Reached XP level 14. HP: 52/89 MP: 17/17
 16169 | D:13     | Reached skill level 5 in Invocations
 16805 | D:14     | Found a gate leading to a gauntlet.
 16806 | D:14     | Noticed Louise
 16821 | D:14     | Killed Louise
 16822 | D:14     | Reached skill level 11 in Armour
 16907 | D:14     | Noticed Nessos
 16911 | D:14     | Killed Nessos
 16912 | D:14     | Reached skill level 1 in Evocations
 16973 | D:14     | Reached skill level 5 in Shields
 16974 | Gauntlet | Entered a Gauntlet
 16974 | Gauntlet | Found a transporter.
 16974 | Gauntlet | Found a transporter.
 16974 | Gauntlet | Found a transporter.
 16991 | Gauntlet | Found a transporter.
 16991 | Gauntlet | Found a transporter.
 16991 | Gauntlet | Found a transporter.
 17002 | Gauntlet | Found a transporter.
 17005 | Gauntlet | Found a transporter.
 17005 | Gauntlet | Found a transporter.
 17006 | Gauntlet | Found a transporter.
 17015 | Gauntlet | Found a transporter.
 17025 | Gauntlet | Noticed a minotaur
 17036 | Gauntlet | Found a transporter.
 17128 | Gauntlet | Identified 3 scrolls of acquirement
 17128 | Gauntlet | Acquired the +1 cloak of Starlight {*Dazzle EV+4 Stlth--}
 17128 | Gauntlet | Found the +1 cloak of Starlight {*Dazzle EV+4 Stlth--}
 17129 | Gauntlet | Acquired 942 gold pieces
 17130 | Gauntlet | Acquired a manual of Armour
 17414 | Gauntlet | Reached skill level 5 in Stealth
 17440 | Gauntlet | Reached skill level 10 in Dodging
 17453 | Gauntlet | Identified the +0 cloak "Xoif" {rC+ Str+2 Dex-4}
 17489 | Gauntlet | Reached skill level 12 in Armour
 17613 | Gauntlet | Identified the ring "Rinkutso" {rF+ Dex+3}
 17621 | Gauntlet | Identified the +5 great sword of Defence by Offence {speed,
                  | rC+ Will+ rCorr}
 17626 | Gauntlet | Killed a minotaur
 17980 | D:14     | Reached XP level 15. HP: 95/95 MP: 20/20
 18541 | D:14     | Found a gate to the Vaults.
 18780 | Orc:1    | Found an iron altar of Okawaru.
 19026 | Orc:2    | Entered Level 2 of the Orcish Mines
 19122 | Orc:2    | Found a staircase to the Elven Halls.
 19479 | Orc:2    | Found Xiqejeq's General Store.
 19496 | Orc:2    | Found Ceuckok's General Store.
 19511 | Orc:2    | Bought 5 atropa-tipped darts for 67 gold pieces
 19511 | Orc:2    | Bought a scroll of torment for 142 gold pieces
 19513 | Orc:2    | Bought a scroll of identify for 26 gold pieces
 19513 | Orc:2    | Bought a scroll of identify for 26 gold pieces
 19513 | Orc:2    | Bought a potion of curing for 39 gold pieces
 19513 | Orc:2    | Bought a scroll of identify for 26 gold pieces
 19761 | Orc:2    | Reached skill level 13 in Armour
 19837 | Orc:2    | Found Lutarphur's Antique Armour Boutique.
 19837 | Orc:2    | Found Xelebraa's Jewellery Shop.
 19838 | Orc:2    | Found a one-way gate leading to the halls of Pandemonium.
 20223 | Orc:2    | Bought a translucent scale mail for 270 gold pieces
 20223 | Orc:2    | Identified the +2 scale mail of the Salmon {Str+2} (You
                  | bought it in a shop on level 2 of the Orcish Mines)
 20592 | Lair:4   | Noticed ragingrage's ghost (journeyman GnGl)
 20593 | Lair:4   | Found a runed translucent gate.
 20594 | Lair:4   | Found a runed translucent gate.
 20594 | Lair:4   | Found a runed translucent gate.
 21197 | Lair:4   | Killed ragingrage's ghost
 21198 | Lair:4   | Reached skill level 5 in Evocations
 21231 | Lair:5   | Entered Level 5 of the Lair of Beasts
 21231 | Lair:5   | Found a staircase to the Slime Pits.
 21231 | Lair:5   | Found a viscous altar of Jiyva.
 21364 | Lair:5   | Reached XP level 16. HP: 101/101 MP: 22/22
 21834 | Lair:5   | Reached skill level 14 in Armour
 22207 | Lair:5   | Found a corrupted altar of Lugonu.
 22207 | Lair:5   | Found a one-way gate to the infinite horrors of the Abyss.
 22390 | Lair:5   | Identified the +0 helmet "Vanedaas" {Int+6}
 22757 | D:15     | Entered Level 15 of the Dungeon
 22853 | D:15     | Identified the ring "Ongagreunt" {Fly rF+ Str+2}
 22865 | D:15     | Found Vaimao's General Store.
 22875 | D:15     | Bought a scroll of enchant armour for 82 gold pieces
 23231 | D:15     | Reached skill level 15 in Armour
 23300 | D:15     | Reached skill level 10 in Invocations
 23325 | D:15     | Found Wenunor's Distillery.
 23332 | D:15     | Bought a potion of curing for 48 gold pieces
 23332 | D:15     | Bought a potion of cancellation for 128 gold pieces
 23332 | D:15     | Bought a potion of invisibility for 128 gold pieces
 23459 | D:15     | Reached XP level 17. HP: 101/106 MP: 24/24
 23476 | D:15     | Got the Vellum of the Gathering and Amathomancy
 23477 | D:15     | Identified the +0 robe of Absence {-Tele rCorr Int+6}
 23544 | D:15     | Found a staircase to the Depths.
 23544 | D:15     | Found a transporter.
 23637 | D:15     | Reached skill level 10 in Shields
 23665 | D:15     | Identified the +3 leather armour of Hutam {SInv}
 23709 | D:15     | Found a transporter.
 23752 | D:15     | Found Qufen's General Store.
 23889 | D:15     | Bought a throwing net for 45 gold pieces
 23937 | D:15     | Identified the ring of Eternal Harmony {Wiz rElec rF++
                  | Str+2 Stlth-}
 24005 | D:15     | Identified the ring "Hazemuiff" {^Contam rElec AC+4 Str+3
                  | Stlth+}
 24283 | Snake:1  | Entered Level 1 of the Snake Pit
 24300 | Snake:1  | Reached skill level 16 in Armour
 25921 | Snake:2  | Reached XP level 18. HP: 112/112 MP: 26/26
 26302 | Snake:2  | Reached XP level 19. HP: 117/117 MP: 27/27
 26818 | Snake:3  | Found the +8 trishula "Condemnation" {holy, anguish, *Noise
                  | Fly rN+}
 26850 | Snake:3  | Reached skill level 17 in Armour
 27523 | Snake:3  | Noticed Jorgrun
 27534 | Snake:3  | Killed Jorgrun
 27974 | Snake:4  | Entered Level 4 of the Snake Pit
 27975 | Snake:4  | Identified the serpent talisman of Zaushie {rC+ Dex+4}
 27975 | Snake:4  | Noticed Aizul
 27989 | Snake:4  | Killed Aizul
 28294 | Snake:4  | Reached skill level 10 in Evocations
 28311 | Snake:4  | Reached skill level 18 in Armour
 29322 | Snake:4  | Reached XP level 20. HP: 121/123 MP: 29/29
 30005 | Snake:4  | Got a serpentine rune of Zot
 30198 | Shoals:1 | Entered Level 1 of the Shoals
 30513 | Shoals:1 | Found Peanuw's Armour Shop.
 30523 | Shoals:1 | Bought a +2 pair of boots for 231 gold pieces
 30955 | Shoals:2 | Reached skill level 19 in Armour
 31101 | Shoals:2 | Found a runed translucent door.
 31102 | Shoals:2 | Noticed Biggs's ghost (journeyman DjCj)
 31384 | Shoals:2 | Killed Biggs's ghost
 31396 | Shoals:2 | Identified the staffcold "Qypputri" {rF+ rC+ Int-2 Stlth+
                  | Ice}
 31801 | Shoals:3 | Found a bloodstained altar of Trog.
 31812 | Shoals:3 | Found a transporter.
 31815 | Shoals:3 | Found a transporter.
 31816 | Shoals:3 | Noticed Jizeqel's ghost (journeyman OpCj)
 31845 | Shoals:3 | Noticed Ilsuiw
 31873 | Shoals:3 | Killed Ilsuiw
 32388 | Shoals:4 | Entered Level 4 of the Shoals
 32536 | Shoals:4 | Reached skill level 20 in Armour
 32677 | Shoals:4 | Reached skill level 15 in Dodging
 32796 | Shoals:4 | Got Ekhlut's Omnibus of Mustering and Decantation
 32813 | Shoals:4 | Reached XP level 21. HP: 119/129 MP: 30/30
 32876 | Shoals:4 | Noticed Mara
 32879 | Shoals:4 | Noticed hecktor's illusion
 32899 | Shoals:4 | Killed Mara
 33029 | Shoals:4 | Identified the ring "Bokul" {Fly rC- Str+4 Dex+5}
 33137 | Shoals:4 | Got a barnacled rune of Zot
 33376 | Shoals:3 | Killed Jizeqel's ghost
 33396 | Shoals:3 | Identified the +0 cloak "Vumeej" {Rampage Int-5 Dex+3}
 33530 | Slime:1  | Entered Level 1 of the Pits of Slime
 34020 | Slime:2  | Gained mutation: You are clumsy. (Dex -2) [a shining eye]
 34072 | Slime:1  | Reached skill level 21 in Armour
 34269 | Slime:2  | HP: 5/129 [acid blob/splash of acid (2)]
 34271 | Slime:2  | Splashed by an acid blob's acid

Illustrated notes

Levels and vault maps discovered:
D:1:      lightli_arrival_windingriver, layout_basic,
          hangedman_decor_clover_reticule, minmay_misc_feat_encased,
          hangedman_decor_peaks_small, minivault_26
D:2:      layout_basic, nicolae_ecumenical_snake_handling,
          guppyfry_early_orc_mine, uniq_jessica
D:3:      layout_basic, nicolae_overflow_two_pavilions,
          lemuel_coloured_pillars_altar, minmay_splitting_lines, uniq_grinder
D:4:      layout_basic, grunt_ministairs_12
D:5:      layout_loops_ring, zin_statuary, minmay_temple_entry_sparse_star,
          uniq_edmund, uniq_sigmund
D:6:      layout_basic, grunt_temple_overflow_champion_of_chaos, serial_rivers,
          chequers_serial_rivers_marsh, chequers_serial_rivers_large_a,
          chequers_serial_rivers_micro_c, chequers_serial_rivers_micro_b,
          uniq_pikel
D:7:      layout_basic, serial_shops, nicolae_shop_back_alley_shop,
          enter_ossuary_2, hangedman_decor_growths
D:8:      layout_basic, kennysheep_generic_room_15, uniq_maggie, uniq_joseph
D:9:      layout_layer_cave, orc_0_dummy, enter_bailey_5
D:10:     layout_rooms
D:11:     layout_gridville, lair_entry_dummy, uniq_lodul
D:12:     layout_cave_pods, uniq_sonja, uniq_azrael
D:13:     layout_roguey, grunt_decor_arrowhead
D:14:     layout_basic, ximxim_vaults_locker_room, nrook_uturn,
          gauntlet_entry_generic, uniq_louise, uniq_nessos
D:15:     hangedman_spin_cycle
Temple:   regret_index_temple_sphere_string
Lair:1:   layout_cave_pods, serial_bayou_pond_c, patterned_corridor,
          grunt_megastairs_5, lemuel_fruit_fields
Lair:2:   layout_gridlike, minmay_shoals_entry_lonely_mermaid, uniq_urug,
          uniq_gastronok
Lair:3:   layout_regular_city, guppyfry_snake_entry_island
Lair:4:   layout_loops_ring, ebering_ghost_rock_garden, serial_bayou_shore_b
Lair:5:   hellmonk_lair_end_abyssal_woods, layout_concentric_octagons,
          slime_entry_1, lemuel_fruit_tree, grunt_megastairs_1,
          infiniplex_staircase_pool_2, lemuel_fruit_fields
Shoals:1: layout_shoals, serial_shops, nicolae_lakefront_shop
Shoals:2: layout_shoals, ebering_ghost_reflecting_pool,
          nicolae_shoals_former_cling_halls
Shoals:3: dreamdust_from_the_deep, layout_shoals,
          gammafunk_ghost_wrathful_warriors, uniq_ilsuiw
Shoals:4: shoals_end_hellmonk_lost_city, uniq_mara
Snake:1:  layout_layer_cave, grunt_megastairs_4
Snake:2:  layout_gridlike, serial_bayou_shore_a
Snake:3:  layout_basic, uniq_jorgrun
Snake:4:  minmay_snake_end_coiled, layout_gridlike, uniq_aizul
Slime:1:  layout_caves
Slime:2:  layout_caves
Orc:1:    layout_caves, okawaru_metal_pillars_1_2
Orc:2:    pf_orc_diabolical, layout_diamond_mine, minmay_orc_keep

Skill      XL: |  1  2  3  4  5  6  7  8  9 10 11 12 13 14 15 16 17 18 19 20 21 |
---------------+----------------------------------------------------------------+-----
Ranged Weapons | 5 6 7 9 12 13 15 16 17 18 19 20 | 20.0
Armour         | 2 5 8 10 12 13 15 16 18 20 21 | 21.0
Dodging        | 2 5 7 8 10 11 12 13 15 | 15.9
Stealth        | 2 4 5 7 9 |  9.1
Shields        | 1 4 5 7 9 11 13 14 | 14.0
Invocations    | 4 7 8 10 11 12 | 12.0
Evocations     | 2 5 6 8 10 | 10.0
Fighting       | |  2.1

Action                     |  1- 3 |  4- 6 |  7- 9 | 10-12 | 13-15 | 16-18 | 19-21 || total
---------------------------+-------+-------+-------+-------+-------+-------+-------++-------
  Melee: Unarmed           |       |       |       |       |       |    17 |       ||    17
         Longbow           |       |       |       |       |       |       |     1 ||     1
   Fire: Shortbow          |    84 |   187 |   311 |   318 |       |       |       ||   900
         Arbalest          |       |       |       |   230 |   309 |       |       ||   539
         Longbow           |       |       |       |       |   489 |   644 |  1135 ||  2268
  Throw: Throwing net      |       |       |       |       |       |       |     1 ||     1
 Invoke: Step From Time    |       |       |       |       |       |       |     2 ||     2
         Bend Time         |       |       |       |       |       |       |     2 ||     2
Ability: Dig               |       |     2 |       |     2 |       |       |       ||     4
         Shaft Self        |       |     1 |     2 |     1 |       |       |       ||     4
    Use: Scroll            |       |     1 |       |     7 |    24 |     5 |     6 ||    43
         Potion            |       |       |       |       |       |     1 |    12 ||    13
 Armour: Leather armour    |    14 |    53 |    86 |    18 |       |       |       ||   171
         Swamp dragon scal |       |       |       |    65 |    63 |    52 |   158 ||   338
         Skin              |       |       |       |       |       |     3 |       ||     3
  Dodge: Dodged            |    22 |    62 |    67 |   147 |   228 |   209 |   228 ||   963
  Block: Other             |       |     7 |    25 |    26 |       |       |       ||    58
         Reflection        |       |       |       |     6 |    29 |    28 |    85 ||   148
         Buckler           |       |       |       |    51 |   143 |       |       ||   194
         Kite shield       |       |       |       |       |   164 |   319 |   352 ||   835

Table legend: (Time is in decaauts)
 A = Elapsed time spent in this place.
 B = Non-inter-level travel time spent in this place.
 C = Inter-level travel time spent in this place.
 D = Time resting spent in this place.
 E = Time spent auto-exploring this place.
 F = Levels seen in this place.
 G = Mean time per level.
                   A        B        C        D        E       F      G
               +--------+--------+--------+--------+--------+-----+--------+
         Total |  53565 |  45642 |   7923 |   1252 |  36450 |  36 | 1487.9 |
       Dungeon |  23497 |  19383 |   4114 |    714 |  15391 |  15 | 1566.5 |
        Temple |      3 |      3 |      0 |      0 |      0 |   1 |    3.0 |
          Lair |   9950 |   8331 |   1619 |      0 |   7358 |   5 | 1990.0 |
        Shoals |   5106 |   4718 |    388 |    147 |   3700 |   4 | 1276.5 |
     Snake Pit |   8641 |   7302 |   1339 |    184 |   6204 |   4 | 2160.2 |
    Slime Pits |   1027 |    943 |     84 |    207 |    533 |   2 |  513.5 |
  Orcish Mines |   2623 |   2246 |    377 |      0 |   1819 |   2 | 1311.5 |
       Ossuary |    711 |    711 |      0 |      0 |    479 |   1 |  711.0 |
        Bailey |    718 |    718 |      0 |      0 |    474 |   1 |  718.0 |
      Gauntlet |   1285 |   1285 |      0 |      0 |    489 |   1 | 1285.0 |
               +--------+--------+--------+--------+--------+-----+--------+

Top non-repeatable levels by time:
 Snake:1: 2945 daAuts
    D:14: 2937 daAuts
     D:9: 2630 daAuts
 Snake:4: 2415 daAuts
    D:12: 2330 daAuts
  Lair:5: 2286 daAuts
   Orc:2: 2107 daAuts
     D:7: 2038 daAuts
  Lair:2: 2038 daAuts
  Lair:1: 1993 daAuts
  Lair:3: 1971 daAuts
 Snake:2: 1844 daAuts
    D:15: 1821 daAuts
Shoals:3: 1747 daAuts
    D:13: 1690 daAuts
